 Dungeon Crawl Stone Soup version 0.28.0-53-g5a82cb258f (webtiles) character file.

Game seed: 12889782999924779154

11988 hawla the Frost Mage (level 11, 0/60 HPs)
             Began as a Deep Elf Ice Elementalist on June 7, 2022.
             Was an Initiate of Vehumet.
             Killed from afar by a tengu conjurer (7 damage)
             ... with a bolt of lightning
             ... on level 12 of the Dungeon.
             The game lasted 00:55:30 (16535 turns).

hawla the Frost Mage (Deep Elf Ice Elementalist)   Turns: 16535, Time: 00:55:30

Health: 0/60       AC:  8    Str:  7    XL:     11   Next: 56%
Magic:  16/34      EV: 17    Int: 23    God:    Vehumet [......]
Gold:   608        SH: 15    Dex: 15    Spells: 11/27 levels left

rFire   . . .      SeeInvis +   K - +2 dagger (venom)
rCold   + . .      Faith    .   v - +5 buckler "Cesagg" {rF+ SInv}
rNeg    . . .      Spirit   .   a - +2 robe
rPois   +          Reflect  +   g - +1 helmet
rElec   +          Harm     .   (no cloak)
rCorr   .          Rampage  .   I - +0 pair of gloves
Will    +....                   m - +0 pair of boots
Stlth   +++.......              n - amulet of reflection
HPRegen 0.20/turn               G - ring of ice
MPRegen 0.24/turn               z - ring "Juuri" {rElec rPois MP+9}

@: mighty, freezing walls, very slightly contaminated
A: no striking features
a: Renounce Religion


You were on level 12 of the Dungeon.
You worshipped Vehumet.
Vehumet was noncommittal.
You visited 2 branches of the dungeon, and saw 13 of its levels.

You collected 608 gold pieces.

Inventory:

Hand Weapons
 r - a +0 rapier
 K - a +2 dagger of venom (weapon)
Missiles
 e - 11 poisoned darts (quivered)
 o - 4 silver boomerangs
 t - a throwing net
 J - 3 boomerangs
Armour
 a - a +2 robe (worn)
 g - a +1 helmet (worn)
 m - a +0 pair of boots (worn)
 v - the +5 buckler "Cesagg" (worn) {rF+ SInv}
   (You found it on level 6 of the Dungeon)

   rF:        It protects you from fire.
   SInv:      It lets you see invisible.
 I - a +0 pair of gloves (worn)
Jewellery
 b - a +6 ring of dexterity
 l - a ring of flight
 n - an amulet of reflection (around neck)
 p - a +6 ring of strength
 y - a +6 ring of dexterity
 z - the ring "Juuri" (right hand) {rElec rPois MP+9}
   (You found it on level 6 of the Dungeon)

   [ring of magical power]

   rElec:     It insulates you from electricity.
   rPois:     It protects you from poison.
   MP:        It affects your magic capacity (+9).
 A - a ring of protection from cold
 C - a ring of wizardry
 G - a ring of ice (left hand)
Wands
 h - a wand of charming (30)
 j - a wand of digging (10)
 s - a wand of polymorph (7)
 x - a wand of flame (45)
 D - a wand of iceblast (14)
Scrolls
 c - a scroll of blinking
 i - a scroll of fear {unknown}
 k - a scroll of enchant armour
 w - 4 scrolls of teleportation
 B - a scroll of enchant weapon {unknown}
 E - 6 scrolls of identify
 F - 2 scrolls of amnesia
Potions
 d - 3 potions of attraction
 f - 3 potions of degeneration
 q - a potion of magic
 u - 3 potions of flight
 H - a potion of might


   Skills:
 + Level 3.1 Fighting
 + Level 4.7 Short Blades
 + Level 2.2 Throwing
 + Level 10.1 Dodging
 - Level 5.2 Stealth
 - Level 4.0 Shields
 - Level 8.8 Spellcasting
 * Level 4.5 Conjurations
 + Level 1.9 Summonings
 * Level 3.3 Translocations
 + Level 12.4 Ice Magic
 + Level 2.5 Evocations


You had 11 spell levels left.
You knew the following spells:

 Your Spells              Type           Power      Damage    Failure   Level
a - Freeze                Ice            100%       1d11      1%          1
b - Frozen Ramparts       Ice            100%       1d12      1%          3
c - Hailstorm             Conj/Ice       65%        3d14      2%          4
d - Summon Ice Beast      Ice/Summ       60%        N/A       4%          4
e - Iskenderun's Mystic   Conj/Tloc      28%        2d7       16%         4

Your spell library contained the following spells:

 Spells                   Type           Power      Damage    Failure   Level
 Ensorcelled Hibernation  Hex/Ice        100%       N/A       1%          2
 Ozocubu's Armour         Ice            79%        N/A       1%          3
 Ice Form                 Ice/Tmut       55%        N/A       6%          4
 Sting                    Tmut/Pois      40%        1d5       9%          1
 Passwall                 Tmut/Erth      8%         N/A       12%         2
 Poisonous Vapours        Pois/Air       20%        N/A       12%         2
 Mephitic Cloud           Conj/Pois/Air  17%        N/A       13%         3
 Freezing Cloud           Conj/Ice/Air   26%        6-21      22%         5
 Ignite Poison            Fire/Tmut/Pois 10%        N/A       24%         3
 Swiftness                Air            10%        N/A       24%         3
 Fulminant Prism          Conj/Hex       10%        3d9       32%         4
 Olgreb's Toxic Radiance  Pois           10%        N/A       63%         4
 Alistair's Intoxication  Tmut/Pois      6%         N/A       92%         5
 Borgnjor's Vile Clutch   Necr/Erth      5%         N/A       92%         5
 Lee's Rapid Deconstruct  Erth           5%         3d7*      92%         5
 Eringya's Noxious Bog    Tmut/Pois      5%         N/A       100%        6
 Borgnjor's Revivificati  Necr           5%         N/A       100%        8
 Necromutation            Tmut/Necr      5%         N/A       100%        8
 Death's Door             Necr           5%         N/A       100%        9


Dungeon Overview and Level Annotations

Branches:
Dungeon (12/15)            Temple (1/1) D:4            Lair (0/6) D:10
    Orc (0/2) D:9

Altars:
Ashenzari
Cheibriados
Dithmenos
Elyvilon
Fedhas
Gozag
Hepliaklqana
Kikubaaqudgha
Makhleb
Nemelex Xobeh
Okawaru
Qazlal
Ru
Sif Muna
Trog
Uskayaw
Vehumet
Wu Jian
Xom
Yredelemnul
Zin
The Shining One

Shops:
D:1 (   D:8 (

Annotations:
D:7 2 transporters, exclusion: ice statue, Rudyous's ghost, novice DjFi
D:10 1 runed translucent door, pkoi's ghost, novice DgFE
D:12 Fannar


Message History

The mystic blast hits the gnoll sergeant but does no damage.
The gnoll sergeant is moderately wounded.
The mystic blast hits the two-headed ogre.
The two-headed ogre is moderately wounded.
The mystic blast hits the troll.
The troll is lightly wounded.
The troll is knocked back by the mystic blast.
The troll slams into the stone wall!
The mystic blast hits the tengu conjurer.
The tengu conjurer is almost dead.
The tengu conjurer is knocked back by the mystic blast.
You block the gnoll sergeant's attack.
The tengu conjurer gestures wildly while chanting.
The tengu conjurer blinks!
Casting: Iskenderun's Mystic Blast (dangerous; 16% risk of failure)
Confirm with . or Enter, or press ? or * to list all spells.
Casting: Frozen Ramparts (safe; 1% risk of failure)
Press: ? - help, Dir - look around, f - activate You feel a surge of power!
The walls around you are covered in ice.
The wall freezes the two-headed ogre.
The two-headed ogre hits you with a +0 giant club!!
* * * LOW HITPOINT WARNING * * *
The two-headed ogre closely misses you.
The wall freezes the gnoll sergeant!
The gnoll sergeant completely misses you.
The wall freezes the gnoll sergeant.
You block the gnoll sergeant's attack.
The tengu conjurer gestures wildly while chanting.
The tengu conjurer blinks!
The wall freezes the troll.
You block the troll's attack. The troll completely misses you.
You block the troll's attack.
It was a potion of might.
You feel very mighty all of a sudden.
The wall freezes the two-headed ogre!
You block the two-headed ogre's attack. x2
The wall freezes the gnoll sergeant.
The gnoll sergeant completely misses you.
The wall freezes the gnoll sergeant!
The gnoll sergeant hits you but does no damage.
The tengu conjurer points at you and mumbles some strange words.
The bolt of lightning misses you. The bolt of lightning hits you! You resist.
You die...

#######
#..gT.#
#Q*§.@+
#..gO.#
#######
+#####
......
?≈≈≈≈≈
.≈≈≈≈≈
.≈≈≈≈≈
.....)
......


You could see a two-headed ogre, a troll, a tengu conjurer, 2 gnoll sergeants
and a battlesphere.

Vanquished Creatures
  A two-headed ogre (D:9)
  3 skeletal warriors (D:10)
  A cyclops (D:12)
  A gargoyle (D:11)
  2 unseen horrors
  A troll (D:10)
  3 shadows
  Sigmund (D:2)
  A wraith (D:7)
  A nameless horror (D:10)
  5 yaks (D:11)
  A wyvern (D:10)
  3 vampire mosquitoes (D:12)
  An acid dragon (D:8)
  A warg (D:12)
  2 ice beasts
  6 orc warriors
  3 black bears
  2 necrophages
  4 ogres
  9 centaurs
  2 scorpions (D:6)
  7 gnoll sergeants
  A water moccasin zombie (D:5)
  6 killer bees
  3 wights (D:8)
  5 howler monkeys
  A bullfrog zombie (D:5)
  5 centaur zombies
  A jelly (D:2)
  3 orc priests
  A gnoll shaman (D:9)
  2 hounds (D:5)
  Jessica (D:2)
  3 iguanas
  10 orc wizards
  A killer bee zombie (D:9)
  A hound skeleton (D:5)
  A howler monkey zombie (D:10)
  25 gnolls
  4 adders
  A shadow imp (D:7)
  An ufetubus (D:4)
  2 adder skeletons (D:4)
  2 worms (D:2)
  2 dart slugs
  38 orcs
  8 endoplasms
  5 giant cockroaches
  5 goblins
  4 hobgoblins
  2 jackals (D:2)
  8 kobolds
  2 quokkas
  8 ball pythons
  2 bats (D:1)
  A frilled lizard (D:2)
  3 rats (D:2)
229 creatures vanquished.

Vanquished Creatures (collateral kills)
  A two-headed ogre (D:11)
  A centaur zombie (D:10)
2 creatures vanquished.

Vanquished Creatures (others)
  7 fungi (D:4)
  4 plants
11 creatures vanquished.

Grand Total: 242 creatures vanquished

Notes
Turn   | Place    | Note
-------+----------+-------------------------------------------
     0 | D:1      | hawla the Deep Elf Ice Elementalist began the quest for the
                  | Orb.
     0 | D:1      | Reached XP level 1. HP: 10/10 MP: 6/6
   273 | D:1      | Reached XP level 2. HP: 15/15 MP: 6/8
   546 | D:1      | Reached skill level 5 in Ice Magic
   768 | D:1      | Found Fybbiu Xuakk's Weapon Boutique.
  1270 | D:2      | Noticed Sigmund
  1277 | D:2      | Reached XP level 3. HP: 18/19 MP: 6/10
  1281 | D:2      | Killed Sigmund
  1282 | D:2      | Reached skill level 1 in Throwing
  1282 | D:2      | Reached skill level 5 in Spellcasting
  1282 | D:2      | Reached XP level 4. HP: 9/24 MP: 2/13
  1282 | D:2      | Reached XP level 5. HP: 11/28 MP: 2/14
  1472 | D:1      | Learned a level 3 spell: Frozen Ramparts
  2023 | D:2      | Noticed a black bear
  2027 | D:2      | Killed a black bear
  2028 | D:2      | Reached skill level 6 in Ice Magic
  2028 | D:2      | Reached XP level 6. HP: 32/32 MP: 5/16
  2328 | D:2      | Noticed Jessica
  2332 | D:2      | Killed Jessica
  4459 | D:4      | Reached XP level 7. HP: 19/36 MP: 14/18
  4751 | D:4      | Reached skill level 7 in Ice Magic
  5406 | D:4      | Found a staircase to the Ecumenical Temple.
  5828 | D:5      | Entered Level 5 of the Dungeon
  6050 | D:5      | Reached skill level 1 in Short Blades
  6050 | D:5      | Reached XP level 8. HP: 37/42 MP: 14/21
  6234 | D:5      | Reached skill level 5 in Stealth
  7833 | D:6      | Identified the +5 buckler "Cesagg" {rF+ SInv}
  7856 | D:6      | Reached skill level 1 in Fighting
  8110 | D:6      | Reached skill level 1 in Shields
  8110 | D:6      | Reached skill level 8 in Ice Magic
  8230 | D:6      | Identified the ring "Juuri" {rElec rPois MP+9}
  8488 | D:6      | Learned a level 4 spell: Hailstorm
  8617 | D:6      | Reached skill level 1 in Conjurations
  8631 | D:6      | Reached XP level 9. HP: 45/47 MP: 23/23
  9103 | D:7      | Found a transporter.
  9113 | D:7      | Noticed Rudyous's ghost (novice DjFi)
  9114 | D:7      | Noticed a gargoyle
  9121 | D:7      | Reached skill level 9 in Ice Magic
  9151 | D:7      | Found a transporter.
  9207 | D:7      | Reached skill level 5 in Dodging
  9207 | D:7      | Reached skill level 1 in Evocations
  9384 | D:7      | Noticed an ice statue
  9519 | D:7      | Found a glowing golden altar of the Shining One.
  9917 | D:8      | Reached skill level 10 in Ice Magic
 10105 | D:8      | Found Gist's Hydra Hut.
 10108 | D:8      | Noticed an eight-headed hydra
 10613 | D:9      | Noticed a two-headed ogre
 10634 | D:9      | Killed a two-headed ogre
 10635 | D:9      | Reached XP level 10. HP: 28/53 MP: 24/24
 11194 | D:9      | Found a staircase to the Orcish Mines.
 11562 | D:9      | Learned a level 4 spell: Summon Ice Beast
 11788 | D:10     | Entered Level 10 of the Dungeon
 11816 | D:10     | Found a runed translucent door.
 11818 | D:10     | Found a shimmering altar of Xom.
 11818 | D:10     | Noticed pkoi's ghost (novice DgFE)
 11819 | D:10     | Noticed a +0 halberd of chaos
 11991 | D:10     | Noticed a skeletal warrior
 11991 | D:10     | Noticed a skeletal warrior
 11991 | D:10     | Noticed a skeletal warrior
 11992 | D:10     | Noticed a skeletal warrior
 12021 | D:10     | Killed a skeletal warrior
 12022 | D:10     | Reached skill level 11 in Ice Magic
 12023 | D:10     | HP: 3/79 [skeletal warrior/+0 long sword[a skeletal
                  | warrior] (6)]
 12026 | D:10     | Killed a skeletal warrior
 12030 | D:10     | Killed a skeletal warrior
 12626 | D:10     | Found a staircase to the Lair.
 13194 | D:10     | Reached skill level 1 in Summonings
 13416 | D:10     | Reached skill level 12 in Ice Magic
 13546 | D:10     | Reached XP level 11. HP: 59/59 MP: 25/25
 13551 | D:10     | Learned a level 4 spell: Iskenderun's Mystic Blast
 13941 | D:9      | You fall into a shaft and drop 1 floor!
 14238 | D:11     | Reached skill level 1 in Translocations
 15041 | D:11     | Noticed a two-headed ogre
 15047 | D:11     | Killed a two-headed ogre
 15521 | Temple   | Entered the Ecumenical Temple
 15860 | Temple   | Became a worshipper of Vehumet
 16151 | D:12     | Reached skill level 10 in Dodging
 16372 | D:12     | Noticed Fannar
 16529 | D:12     | Noticed a two-headed ogre
 16535 | D:12     | Killed from afar by a tengu conjurer

Illustrated notes

Levels and vault maps discovered:
D:1:      ncdulo_lavacross, layout_loops_cross, serial_shops, shop_fountains
D:2:      layout_basic, wad_orctagon, uniq_sigmund, uniq_jessica
D:3:      layout_basic, minmay_liquid_box, minmay_ruptured
D:4:      layout_loops_corners, minmay_temple_entry_fiery, serial_aquarium,
          aquarium_bridge_straight [aquarium_subvault_bridge,
          aquarium_subvault_balcony, aquarium_subvault_bridge,
          aquarium_subvault_wall], aquarium_window_fake, aquarium_window_2,
          aquarium_window_fake, aquarium_window_double, aquarium_view_2c,
          aquarium_view_2a, kennysheep_boxes
D:5:      layout_basic
D:6:      layout_basic, kennysheep_generic_room_16
D:7:      layout_rooms, tso_altar, nzn_ghost_randoct
D:8:      layout_loops_cross, doesnt_shop_hydraphobe
D:9:      layout_irregular_city, orc_0_dummy, serial_column_ruins,
          column_ruins_hut, column_ruins_open_medium, column_ruins_grid_3,
          column_ruins_corridor_corner, grunt_decor_arrowhead
D:10:     minmay_spotlight, layout_long_grid, lair_entry_dummy,
          ebering_ghost_xom, grunt_ministairs_8, small_statue_alley_a
D:11:     layout_rooms
D:12:     lemuel_castle_with_subvaults [lemuel_castle_interior_original],
          layout_irregular_city, uniq_fannar
Temple:   compressed_dpeg_triangle_lava_temple

Skill      XL: |  1  2  3  4  5  6  7  8  9 10 11 |
---------------+----------------------------------+-----
Ice Magic      | 5 6 7 8 10 12 | 12.4
Throwing       | 1 2 |  2.2
Stealth        | 3 4 5 |  5.2
Spellcasting   | 5 6 7 8 |  8.8
Dodging        | 3 4 6 9 10 | 10.1
Short Blades   | 1 2 3 4 |  4.7
Fighting       | 1 2 3 |  3.1
Shields        | 1 3 4 |  4.0
Conjurations   | 1 2 4 |  4.5
Evocations     | 1 2 |  2.5
Summonings     | 1 |  1.9
Translocations | 3 |  3.3

Action                   |  1- 3 |  4- 6 |  7- 9 | 10-12 || total
-------------------------+-------+-------+-------+-------++-------
Melee: Unarmed           |     8 |     4 |       |       ||    12
       Punch             |     1 |       |     6 |       ||     7
       Dagger            |       |       |   175 |   341 ||   516
       Rapier            |       |       |    12 |       ||    12
Throw: Dart              |    10 |       |     7 |       ||    17
 Cast: Freeze            |    39 |    24 |    57 |    29 ||   149
       Frozen Ramparts   |       |    20 |    43 |    24 ||    87
       Hailstorm         |       |       |     2 |    30 ||    32
       Summon Ice Beast  |       |       |       |     8 ||     8
       Iskenderun's Myst |       |       |       |    20 ||    20
Evoke: Wand              |       |       |    14 |     9 ||    23
  Use: Scroll            |       |     8 |    12 |     1 ||    21
       Potion            |       |       |       |    14 ||    14
 Stab: Sleeping          |     1 |     1 |     6 |       ||     8
       Invisible         |       |       |       |     4 ||     4
       Distracted        |       |       |       |     1 ||     1
Armor: Robe              |     5 |     9 |    75 |    76 ||   165
       Skin              |       |       |       |    51 ||    51
Dodge: Dodged            |    23 |    15 |   152 |   207 ||   397
Block: Other             |       |     2 |    35 |       ||    37
       Buckler           |       |       |   130 |   390 ||   520
       Reflection        |       |       |    10 |     8 ||    18
